 Dungeon Crawl Stone Soup version 0.21-a0-185-g3a6ed1e (webtiles) character file.

95 tehllama the Insei (level 4, -1/28 HPs)
             Began as an Octopode Transmuter on Aug 12, 2017.
             Slain by a goblin (2 damage)
             ... led by Robin
             ... on level 2 of the Dungeon.
             The game lasted 00:02:59 (1460 turns).

tehllama the Insei (Octopode Transmuter)            Turns: 1460, Time: 00:03:00

Health: -1/28      AC:  1    Str: 10    XL:     4   Next: 65%
Magic:  7/7        EV: 13    Int: 15    God:
Gold:   83         SH:  0    Dex: 12    Spells: 4/7 levels left

rFire    . . .     SeeInvis .     - Unarmed
rCold    . . .     Gourm    .   (no shield)
rNeg     . . .     Faith    .   (helmet restricted)
rPois    .         Spirit   .   (no amulet)
rElec    .         Reflect  .   (no ring)
rCorr    .         Harm     .   (no ring)
MR       .....                  (no ring)
Stlth    +++.......             (no ring)
HPRegen  0.09/turn              (no ring)
MPRegen  0.10/turn              (no ring)
                                (no ring)
                                (no ring)

@: no status effects
A: almost no armour, stealthy swim, amphibious, 8 rings, constrict 8, camouflage
1, gelatinous body 1
a: no special abilities


You were on level 2 of the Dungeon.
You were not hungry.

You visited 1 branch of the dungeon, and saw 2 of its levels.

You collected 83 gold pieces.

Inventory:

Missiles
 a - 62 arrows
Scrolls
 d - a scroll of fear {unknown}
 e - 4 scrolls of remove curse {unknown}
 h - a scroll of random uselessness {unknown}
 i - 3 scrolls of identify {unknown}
Potions
 g - a potion of brilliance {unknown}
Books
 b - a book of Changes

   Spells                             Type                      Level
   a - Beastly Appendage              Transmutation                1
   b - Sticks to Snakes               Transmutation                2
   c - Spider Form                    Transmutation/Poison         3
   d - Ice Form                       Ice/Transmutation            4
   e - Blade Hands                    Transmutation                5
Comestibles
 c - 3 bread rations
 f - 3 meat rations


   Skills:
 - Level 1.0 Fighting
 - Level 2.0 Dodging
 + Level 2.6 Stealth
 + Level 4.8 Unarmed Combat
 - Level 2.0 Spellcasting
 - Level 2.0 Transmutations


You had 4 spell levels left.
You knew the following spells:

 Your Spells              Type           Power        Failure   Level  Hunger
a - Beastly Appendage     Tmut           #.....       10%         1    #......
b - Sticks to Snakes      Tmut           #.......     14%         2    ###....


Dungeon Overview and Level Annotations

Branches:
Dungeon (2/15)

Altars:
Dithmenos

Annotations:
D:2 Sigmund


Innate Abilities, Weirdness & Mutations

You cannot wear most types of armour.
You are very stealthy in the water. (Stealth+)
You are amphibious.
You can wear up to eight rings at the same time.
You can use your tentacles to constrict eight enemies at once.
Your skin changes colour to match your surroundings (Stealth+).
Your rubbery body absorbs attacks. (AC +1, EV +1)


Message History

Robin is heavily wounded.
You constrict Robin, but do no damage. Robin barely misses you.
The goblin closely misses you.
You tentacle-slap Robin but do no damage.
You squeeze Robin.
Robin is heavily wounded.
You constrict Robin. Robin barely misses you. The goblin closely misses you.
Robin hits you with a short sword.
* * * LOW HITPOINT WARNING * * *
You barely miss Robin.
Robin is heavily wounded.
You constrict Robin. Robin closely misses you. The goblin hits you.
* * * LOW HITPOINT WARNING * * *
You tentacle-slap Robin. You squeeze Robin, but do no damage.
Robin is severely wounded.
You constrict Robin. Robin closely misses you. The goblin misses you.
You tentacle-slap Robin.
You kill Robin!
The goblin hits you.
You die...

# #. # ##.
#. #.. #.
#.# # #.
#.#.# #.
##.#. #.
... ####.
#)# #....
#@# #.###
#g# #.#
#.######
#.# ##
#......#
#.# .#
######.#
#.# .# #.#
#.# .# #.#
#.# .# #.#
#.# .#
#.#######.#


You could see a goblin.

Vanquished Creatures
  Terence (D:2)
  Robin (D:2)
  2 adders (D:2)
  A leopard gecko (D:1)
  2 giant cockroaches (D:2)
  11 goblins
  6 hobgoblins
  2 bats (D:1)
  3 frilled lizards (D:2)
  8 kobolds
  3 rats
40 creatures vanquished.

Notes
Turn   | Place    | Note
-------+----------+-------------------------------------------
     0 | D:1      | tehllama the Octopode Transmuter began the quest for the Orb.
     0 | D:1      | Reached XP level 1. HP: 13/13 MP: 3/3
   340 | D:1      | Reached XP level 2. HP: 14/18 MP: 3/5
   667 | D:2      | Found a shadowy altar of Dithmenos.
   698 | D:2      | Noticed Sigmund
   726 | D:2      | Learned a level 2 spell: Sticks to Snakes
   760 | D:2      | Reached skill level 4 in Unarmed Combat
   760 | D:2      | Reached XP level 3. HP: 23/23 MP: 4/6
  1174 | D:2      | Noticed Terence
  1190 | D:2      | Killed Terence
  1190 | D:2      | Reached XP level 4. HP: 18/28 MP: 7/7
  1440 | D:2      | Noticed Robin
  1458 | D:2      | HP: 1/28 [goblin[Robin] (6)]
  1460 | D:2      | Killed Robin
  1460 | D:2      | Slain by a goblin

Vault maps used:
D:1:      ncdulo_wetmaze
D:2:      nicolae_dithmenos_through_a_glass_darkly,
          gammafunk_temple_overflow_forgotten, first_bread, minmay_heptomino_d4,
          uniq_robin, uniq_terence, uniq_sigmund

Skill      XL: |  1  2  3 |
---------------+----------+-----
Unarmed Combat | 4 |  4.8
Stealth        | 2 |  2.6
Fighting       | |  1.0
Dodging        | |  2.0
Spellcasting   | |  2.0
Transmutations | |  2.0

Action                   |  1- 3 |  4- 6 || total
-------------------------+-------+-------++-------
Melee: Unarmed           |    61 |    27 ||    88
       Constrict         |    13 |     9 ||    22
       Kick              |     9 |     2 ||    11
       Tentacles         |     8 |     8 ||    16
 Cast: Beastly Appendage |    13 |     1 ||    14
  Use: Potion            |     1 |       ||     1
 Stab: Sleeping          |     3 |       ||     3
  Eat: Chunk             |     1 |     1 ||     2
Armor: Skin              |     3 |     2 ||     5
Dodge: Dodged            |    35 |    15 ||    50
